 Dungeon Crawl Stone Soup version 0.18-a0-1773-gec4f98e (webtiles) character file.

590 FishMan the Cudgeler (level 7, 0/72 HPs)
             Began as an Ogre Monk on Apr 15, 2016.
             Was a Priest of Okawaru.
             Succumbed to an orc wizard's poison
             ... on level 4 of the Dungeon.
             The game lasted 00:24:18 (2834 turns).

FishMan the Cudgeler (Ogre Monk)                    Turns: 2834, Time: 00:24:19

Health: 0/72       AC:  4    Str: 17 (19) XL:     7   Next: 38%
Magic:  5/10       EV: 16    Int:  7 (9)  God:    Okawaru [***...]
Gold:   153        SH:  0    Dex: 10 (12) Spells: 0 memorised, 12 levels left

rFire  . . .     SeeInvis .     r - +1 whip
rCold  . . .     Gourm    .     a - +1 robe
rNeg   + . .     Faith    .     (no shield)
rPois  .         Spirit   +     (helmet restricted)
rElec  .         Dismiss  .     (no cloak)
rCorr  .         Reflect  .     (gloves unavailable)
SustAt .         Harm     .     (boots unavailable)
MR     .....                    w - amulet of guardian spirit
Stlth  ++........               h - +4 ring of evasion
                                o - ring of positive energy

@: lethally poisoned (0 -> -8), heroism, not resistant to hostile enchantments,
unstealthy
A: unfitting armour, horns 1, low mp 1, tough skin 1, wild magic 1
a: Heroism, Renounce Religion


You were on level 4 of the Dungeon.
You worshipped Okawaru.
Okawaru was most pleased with you.
You were not hungry.

You visited 1 branch of the dungeon, and saw 4 of its levels.

You collected 153 gold pieces.

Inventory:

Hand Weapons
 r - a +1 whip (weapon)
 y - a +3 blowgun
Missiles
 l - 235 stones (quivered)
 z - 7 poisoned needles
Armour
 a - a +1 robe (worn)
Jewellery
 f - an uncursed amulet of harm
 g - an uncursed ring of stealth
 h - a +4 ring of evasion (right hand)
 o - a ring of positive energy (left hand)
 w - an amulet of guardian spirit (around neck)
Scrolls
 e - a scroll of enchant armour
 i - a scroll of recharging {unknown}
 k - 5 scrolls of immolation
 q - 3 scrolls of teleportation
 s - a scroll of enchant weapon
Potions
 d - a potion of brilliance
 n - a potion of resistance
Comestibles
 b - 5 bread rations
 m - a beef jerky
 t - 2 fruits


   Skills:
 - Level 5.0(10.0) Fighting
 * Level 6.7(11.7) Maces & Flails
 + Level 3.7(8.7) Throwing
 - Level 2.6(7.6) Dodging
 - Level 1.5(6.5) Stealth
 - Level 3.6(8.6) Unarmed Combat
 + Level 3.1 Spellcasting


You had 12 spell levels left.
You didn't know any spells.

Dungeon Overview and Level Annotations

Branches:
Dungeon (4/15)
 Temple: D:4-7

Altars:
Okawaru
Trog
Zin

Shops:
D:3 *


Innate Abilities, Weirdness & Mutations

You are too large for most types of armour.
You have tough skin (AC +1).
You have a pair of small horns on your head.
Your magical capacity is low (-10% MP).
Your spells are a little harder to cast, but a little more powerful.


Message History

* * * LOW HITPOINT WARNING * * *
You feel sick.
You take 1 damage, and have 4/72 hp.
Read which item? (? for menu, Esc to quit)
As you read the scroll labeled QYISMU UZUETSO, it crumbles to dust.
You assume a fearsome visage.
Nothing appears to happen.
It was a scroll of fear.
* * * LOW HITPOINT WARNING * * *
You feel sick.
You take 1 damage, and have 3/72 hp.
Read which item? (? for menu, Esc to quit)
As you read the scroll labeled NIATSACU UXYNG, it crumbles to dust.
You feel blessed for a moment.
It was a scroll of remove curse.
* * * LOW HITPOINT WARNING * * *
You feel sick.
You take 1 damage, and have 2/72 hp.
* * * LOW HITPOINT WARNING * * *
You feel sick.
You take 1 damage, and have 1/72 hp.
You die...

.......(..).##.# *,* *,*
##############.# *,* *,* (# #.#
**,* *,* .# #(###,,** *,* .#
#(#..,,,* *,*
.########*####...#**,********,*
.........,,.<.((.# *,,,,,,,,,,*
.########****#...###.#*********
.# **#.@..<.#**** .#
#...........,* .#
#.#.##.#####,* .# #,#.*>..#*
*,* .# **,#.,*,#.#**,* .#
****,*..**,*#.#*,* ##
*,,,**#.,,,,,...,*
*,**,*..**,**,#.,* ##
*,***,*,,*,*,**,,********


There were no monsters in sight!

Vanquished Creatures
  Eustachio (D:4)
  A phantom (D:4)
  A necrophage (D:4)
  A howler monkey (D:4)
  An orc priest (D:4)
  An orc wizard (D:4)
  Terence (D:2)
  2 worker ants (D:4)
  3 adders
  An ooze (D:2)
  A dart slug (D:1)
  2 giant geckos
  8 orcs
  6 ball pythons
  11 goblins
  6 hobgoblins
  4 jackals (D:1)
  7 kobolds
  2 quokkas (D:3)
  7 bats
  7 giant newts
  4 rats
78 creatures vanquished.

Notes
Turn   | Place    | Note
--------------------------------------------------------------
     0 | D:1      | FishMan the Ogre Monk began the quest for the Orb.
     0 | D:1      | Reached XP level 1. HP: 24/24 MP: 1/1
    70 | D:1      | Reached skill level 1 in Throwing
    70 | D:1      | Reached XP level 2. HP: 32/33 MP: 2/2
   545 | D:1      | Reached XP level 3. HP: 40/40 MP: 3/3
  1140 | D:2      | Reached skill level 1 in Maces & Flails
  1141 | D:2      | Noticed Terence
  1143 | D:2      | Gained mutation: Your spells are a little harder to cast, but a little more powerful. [potion of mutation]
  1143 | D:2      | Gained mutation: You have a pair of small horns on your head. [potion of mutation]
  1143 | D:2      | Gained mutation: Your magical capacity is low (-10% MP). [potion of mutation]
  1155 | D:2      | Killed Terence
  1155 | D:2      | Reached skill level 2 in Maces & Flails
  1155 | D:2      | Reached XP level 4. HP: 29/49 MP: 3/3
  1643 | D:3      | Found Zin's Purification Station.
  1645 | D:3      | Found a glowing silver altar of Zin.
  1654 | D:3      | Reached skill level 5 in Fighting
  1654 | D:3      | Reached skill level 3 in Maces & Flails
  1958 | D:3      | Found an iron altar of Okawaru.
  1967 | D:3      | Became a worshipper of Warmaster Okawaru
  1967 | D:3      | Reached * piety under Okawaru
  1967 | D:3      | Reached ** piety under Okawaru
  2051 | D:3      | Found a bloodstained altar of Trog.
  2192 | D:3      | Reached XP level 5. HP: 50/57 MP: 4/4
  2344 | D:4      | Reached skill level 4 in Maces & Flails
  2344 | D:4      | Reached skill level 1 in Spellcasting
  2436 | D:4      | Noticed a phantom
  2437 | D:4      | Noticed Eustachio
  2486 | D:4      | Found a bloodstained altar of Trog.
  2530 | D:4      | Killed a phantom
  2530 | D:4      | Reached skill level 5 in Maces & Flails
  2530 | D:4      | Reached XP level 6. HP: 49/66 MP: 6/8
  2748 | D:4      | Killed Eustachio
  2748 | D:4      | Reached XP level 7. HP: 24/72 MP: 6/9
  2771 | D:4      | Reached *** piety under Okawaru
  2771 | D:4      | Reached skill level 6 in Maces & Flails
  2831 | D:4      | HP: 3/72 [poisoned by an orc wizard]
  2833 | D:4      | HP: 1/72 [poisoned by an orc wizard]
  2834 | D:4      | Succumbed to an orc wizard's poison

Vault maps used:
D:1:      dpeg_arrival_rooms_a
D:2:      first_bread, uniq_terence
D:3:      overflow_temple_1_default, nicolae_overflow_crystal_walls, zin_purify,
          minmay_bad_closet, minmay_shallow_snake_nest
D:4:      lemuel_crystal_altar, trog_hazing_becter, uniq_eustachio

Skill      XL: |  1  2  3  4  5  6  7 |
---------------+----------------------+-----
Throwing       | 1 2 3 |  3.7
Maces & Flails | 2 3 5 6 |  6.7
Fighting       | 5 |  5.0
Spellcasting   | 2 3 |  3.1
Dodging        | |  2.6
Stealth        | |  1.5
Unarmed Combat | |  3.6

Action                   |  1- 3 |  4- 6 |  7- 9 || total
-------------------------+-------+-------+-------++-------
Melee: Unarmed           |    96 |    27 |       ||   123
       Punch             |     1 |     3 |       ||     4
       Headbutt          |     4 |    30 |     5 ||    39
       Whip              |       |   202 |    27 ||   229
Throw: Stone             |    15 |   154 |    16 ||   185
Invok: Heroism           |       |       |     1 ||     1
  Use: Potion            |     3 |     4 |     1 ||     8
       Scroll            |     1 |     3 |     4 ||     8
 Stab: Sleeping          |     4 |       |       ||     4
  Eat: Chunk             |     1 |     5 |     1 ||     7
       Beef jerky        |       |       |     1 ||     1
Armor: Robe              |    21 |    15 |     6 ||    42
       Skin              |       |   114 |       ||   114
Dodge: Dodged            |    59 |   117 |    14 ||   190
